 Dungeon Crawl Stone Soup version 0.30-a0-857-gcaf70739d4 (webtiles) character file.

Game seed: 13253778603589853457

1954 Demosthentine the Trooper (level 8, -1/57 HPs)
             Began as a Demonspawn Gladiator on Mar 5, 2023.
             Was a Follower of Hepliaklqana.
             Slain by a kobold brigand
             ... wielding a +0 club
              (6 damage)
             ... on level 5 of the Dungeon.
             The game lasted 00:06:39 (5311 turns).

Demosthentine the Trooper (Demonspawn Gladiator)    Turns: 5311, Time: 00:06:40

Health: -1/57      AC:  5    Str: 16    XL:     8   Next: 99%
Magic:  8/8        EV: 14    Int: 11    God:    Hepliaklqana [*.....]
Gold:   311        SH:  5    Dex: 14    Spells: 7/7 levels left

rFire   . . .      SeeInvis .    a - +1 trident
rCold   + + .      Faith    .    (no shield)
rNeg    . . .      Spirit   .    b - +0 leather armour
rPois   .          Reflect  +    (helmet restricted)
rElec   .          Rampage  .    (no cloak)
rCorr   .                        (no gloves)
Will    .....                    g - +1 pair of boots
Stlth   +                        i - amulet of the Tormentor {Reflect rC++ SH+5}
HPRegen 0.29/turn                (no ring)
MPRegen 0.22/turn                (no ring)

@: no status effects
A: reduced essence, antennae 1, powered by pain 1, magic regeneration
a: Renounce Religion, Recall Ancestor, Ancestor Identity


You were on level 5 of the Dungeon.
You worshipped Hepliaklqana.
Hepliaklqana was aware of your devotion.
You visited 1 branch of the dungeon, and saw 5 of its levels.
You also visited: Sewer.

You collected 311 gold pieces.

Inventory:

Hand Weapons
 a - a +1 trident (weapon)
Missiles
 d - a throwing net (quivered)
 e - 4 javelins
Armour
 b - a +0 leather armour (worn)
 g - a +1 pair of boots (worn)
Jewellery
 i - the amulet of the Tormentor (around neck) {Reflect rC++ SH+5}
   (You acquired it in a sewer)

   [amulet of reflection]

   It reflects blocked missile attacks.
   rC:        It greatly protects you from cold.
   SH:        It affects your SH (+5).
 l - an amulet of regeneration
Scrolls
 f - a scroll of teleportation
 h - a scroll of enchant armour
 q - 2 scrolls of fear
Potions
 j - 5 potions of mutation
 k - 2 potions of curing
 m - 2 potions of resistance {unknown}
 o - a potion of magic
 p - a potion of haste {unknown}
 r - a potion of heal wounds
 s - a potion of cancellation {unknown}


   Skills:
 + Level 6.1 Fighting
 + Level 6.0 Polearms
 - Level 1.7 Throwing
 + Level 5.1 Armour
 + Level 5.9 Dodging


You had 7 spell levels left.
You didn't know any spells.
Your spell library contained the following spells:

 Spells                   Type           Power      Damage    Failure   Level
 Ensorcelled Hibernation  Hex/Ice        0%         N/A       54%         2
 Spider Form              Tmut/Pois      0%         N/A       77%         3
 Anguish                  Hex/Necr       0%         N/A       99%         4


Dungeon Overview and Level Annotations

Branches:
Dungeon (5/15)              Sewer (visited)
 Temple: D:4-7

Altars:
Ashenzari
Hepliaklqana
Vehumet


Innate Abilities, Weirdness & Mutations

Your life essence is reduced to manifest your ancestor. (-10% HP)
You have a pair of small antennae on your head.
You sometimes gain a little power by taking damage.
You regenerate magic rapidly.


Message History

The kobold brigand hits Ur-Dumizida with a +0 short sword.
Unknown command.
Reach: a) +1 trident
Press: ? - help, Dir - move target, f/p - kobold brigand
Aim: a kobold brigand, wielding a +0 club and quivering poisoned darts (lightly wounded, ally target, about 41% to evade your +1 trident)
You reach to attack!
You puncture the kobold brigand!
The kobold brigand is heavily wounded.
The kobold brigand closely misses Ur-Dumizida.
The kobold brigand throws a poisoned dart.
The poisoned dart hits Ur-Dumizida!
Ur-Dumizida hits the kobold brigand.
Unknown command.
Reach: a) +1 trident
Press: ? - help, Dir - move target, f/p - kobold brigand
Aim: a kobold brigand, wielding a +0 club and quivering poisoned darts (heavily wounded, ally target, about 41% to evade your +1 trident)
You reach to attack!
You completely miss the kobold brigand.
The kobold brigand is heavily wounded.
The kobold brigand hits Ur-Dumizida with a +0 club.
Ur-Dumizida barely misses the kobold brigand.
The kobold brigand closely misses Ur-Dumizida.
Unknown command.
Reach: a) +1 trident
Press: ? - help, Dir - move target, f/p - kobold brigand
Aim: a kobold brigand, wielding a +0 club and quivering poisoned darts (heavily wounded, ally target, about 41% to evade your +1 trident)
You reach to attack!
You puncture the kobold brigand!
The kobold brigand is almost dead.
The kobold brigand hits Ur-Dumizida with a +0 short sword.
Ur-Dumizida is destroyed!
Unknown command.
Reach: a) +1 trident
Press: ? - help, Dir - move target, f/p - kobold brigand
Aim: a kobold brigand, wielding a +0 club and quivering poisoned darts (almost dead, about 41% to evade your +1 trident)
You hit the kobold brigand but do no damage.
The kobold brigand is almost dead.
The kobold brigand hits you with a +0 club.
* * * LOW HITPOINT WARNING * * *
Unknown command.
You barely miss the kobold brigand.
The kobold brigand is almost dead.
The kobold brigand hits you with a +0 club.
You die...

#...>..##...##,,,,,,,,,,,.,
#.....##..)..##,,,,,*,,,,..
#.....#.......#,,,,,*,,,,..
#.....#÷÷...÷.#,,,,,*,,,,..
#######.....#÷....÷.#,,,,**,,,,..
............##÷÷÷.÷#*,,,,**,,,,..
.............##.K.#*,,,,,**,,,,..
.............#*#K#***,*****,,,,..
.............# #@# *,,* *****..
##########'### #.# *,** *##
#.......# ##.##*,*
#......####÷..####**
#......'...÷÷...÷+,******
###......####...####,,,,,,* ##*
#.........#*##.##,,*,****,* #≈*
###.........#*,#.#*,,,,**,,,*##≈#
........))..#*,#.#,,,,,**,,,##≈≈≈


You could see 2 kobold brigands.

Vanquished Creatures
  A kobold demonologist (D:5)
  2 ice beasts (D:5)
  2 ogres (D:5)
  3 kobold brigands
  3 scorpions
  A howler monkey (D:5)
  2 jellies
  A hound (D:4)
  A gnoll bouda (D:5)
  An orc priest (D:4)
  2 iguanas
  4 orc wizards
  11 gnolls
  11 adders
  2 river rats
  2 worms
  3 dart slugs
  9 orcs
  12 ball pythons
  2 bats
  2 endoplasms
  2 giant cockroaches (D:2)
  5 goblins
  7 hobgoblins
  A jackal (Sewer)
  5 quokkas
  5 frilled lizards
  2 kobolds
  9 rats
113 creatures vanquished.

Vanquished Creatures (collateral kills)
  3 kobold brigands
  A hound (D:5)
  An orc priest (D:5)
  2 gnolls (D:5)
  A river rat (Sewer)
  An ufetubus (D:5)
  An orc (D:5)
  A hobgoblin (D:4)
  2 jackals (Sewer)
  A ball python (D:5)
  3 frilled lizards (Sewer)
  A kobold (Sewer)
  A rat (D:5)
19 creatures vanquished.

Vanquished Creatures (others)
  5 ancestors (D:5)
  14 plants (Sewer)
19 creatures vanquished.

Grand Total: 151 creatures vanquished

Notes
Turn   | Place    | Note
-------+----------+-------------------------------------------
     0 | D:1      | Demosthentine the Demonspawn Gladiator began the quest for
                  | the Orb.
     0 | D:1      | Reached XP level 1. HP: 16/16 MP: 1/1
   141 | D:1      | Gained mutation: You sometimes gain a little power by
                  | taking damage. [demonic ancestry]
   141 | D:1      | Reached XP level 2. HP: 22/22 MP: 2/2
   577 | D:2      | Reached skill level 1 in Armour
   728 | D:2      | Reached XP level 3. HP: 25/28 MP: 3/3
   952 | D:2      | Reached XP level 4. HP: 18/34 MP: 4/4
  1753 | D:3      | Found a broken altar of Ashenzari.
  1842 | D:3      | Found a hazy altar of Hepliaklqana.
  2002 | D:3      | Became a worshipper of Hepliaklqana the Forgotten
  2333 | D:3      | Noticed a scorpion
  2347 | D:3      | Killed a scorpion
  2348 | D:3      | Reached XP level 5. HP: 16/41 MP: 5/5
  2701 | D:4      | Gained mutation: You regenerate magic rapidly. [demonic
                  | ancestry]
  2701 | D:4      | Reached XP level 6. HP: 30/47 MP: 6/6
  2953 | D:4      | Found a radiant altar of Vehumet.
  3560 | D:4      | Reached * piety under Hepliaklqana
  3815 | D:5      | Entered Level 5 of the Dungeon
  3872 | D:5      | Reached XP level 7. HP: 5/48 MP: 7/7
  3907 | D:5      | Found a glowing drain.
  3924 | Sewer    | Entered a sewer
  4509 | Sewer    | Identified a scroll of acquirement
  4509 | Sewer    | Acquired the amulet of the Tormentor {Reflect rC++ SH+5}
  4570 | D:5      | Reached skill level 5 in Fighting
  4570 | D:5      | Reached skill level 5 in Polearms
  4570 | D:5      | Reached skill level 5 in Dodging
  4570 | D:5      | Gained mutation: You have a pair of small antennae on your
                  | head. [demonic ancestry]
  4570 | D:5      | Reached XP level 8. HP: 55/55 MP: 8/8
  5249 | D:5      | Found the +7 Throatcutter {drain, coup de grace}
  5249 | D:5      | Noticed a kobold demonologist
  5260 | D:5      | Noticed an ice devil
  5267 | D:5      | Noticed a rust devil
  5279 | D:5      | Killed a kobold demonologist
  5280 | D:5      | Reached skill level 5 in Armour
  5311 | D:5      | Slain by a kobold brigand

Illustrated notes

Levels and vault maps discovered:
D:1:      co_arrival_square_in_a_square_in_a_square, layout_basic
D:2:      minmay_evil_eye, layout_basic, grunt_ministairs_14, dk_noncrumbling_3
D:3:      layout_loops_ring, mainiacjoe_overflow_alcove_4,
          mainiacjoe_overflow_surrounded_room
D:4:      layout_basic, overflow_temple_1_default,
          chequers_serial_rivers_micro_a, roderic_malta_cross
D:5:      layout_basic, portal_sewer_entry_c, chequers_serial_rivers_large_a,
          dilly_guarded_unrand_throatcut, uniq_crazy_yiuf_cottage

Skill      XL: |  1  2  3  4  5  6  7  8 |
---------------+-------------------------+-----
Dodging        | 3 4 5 |  5.9
Polearms       | 3 4 5 6 |  6.0
Armour         | 1 2 3 4 5 |  5.1
Fighting       | 3 4 5 6 |  6.1
Throwing       | |  1.7

Action                     |  1- 3 |  4- 6 |  7- 9 || total
---------------------------+-------+-------+-------++-------
  Melee: Trident           |   101 |   235 |   277 ||   613
         Punch             |       |     1 |       ||     1
  Throw: Throwing net      |     1 |     1 |     2 ||     4
    Use: Scroll            |     4 |     8 |     2 ||    14
         Potion            |       |     5 |     1 ||     6
   Stab: Held in net/web   |       |     2 |     1 ||     3
         Sleeping          |       |     1 |       ||     1
 Armour: Leather armour    |    29 |    75 |    43 ||   147
         Skin              |       |     3 |       ||     3
  Dodge: Dodged            |    42 |   129 |   129 ||   300
  Block: Other             |       |       |    32 ||    32
         Reflection        |       |       |     1 ||     1

Table legend: (Time is in decaauts)
 A = Elapsed time spent in this place.
 B = Non-inter-level travel time spent in this place.
 C = Inter-level travel time spent in this place.
 D = Time resting spent in this place.
 E = Time spent auto-exploring this place.
 F = Levels seen in this place.
 G = Mean time per level.
                   A        B        C        D        E       F      G
               +--------+--------+--------+--------+--------+-----+--------+
         Total |   5540 |   5449 |     91 |    387 |   3730 |   6 |  923.3 |
       Dungeon |   4755 |   4664 |     91 |    387 |   3256 |   5 |  951.0 |
         Sewer |    785 |    785 |      0 |      0 |    474 |   1 |  785.0 |
               +--------+--------+--------+--------+--------+-----+--------+

Top non-repeatable levels by time:
     D:4: 1245 daAuts
     D:3: 973 daAuts
     D:2: 910 daAuts
     D:5: 889 daAuts
   Sewer: 785 daAuts
     D:1: 736 daAuts
